 Dungeon Crawl Stone Soup version 0.31-a0-1068-g5939ac1fb6 (webtiles) character file.

Game seed: 16527164445782596443

60 kae the Vexing (level 3, -1/26 HPs)
             Began as a Demonspawn Enchanter on Nov 24, 2023.
             Killed from afar by an orc wizard (12 damage)
             ... with a magic dart
             ... on level 1 of the Dungeon.
             The game lasted 00:01:27 (1107 turns).

kae the Vexing (Demonspawn Enchanter)               Turns: 1107, Time: 00:01:27

Health: -1/26      AC:  4    Str: 10    XL:     3   Next: 80%
Magic:  1/6        EV: 12    Int: 22    God:
Gold:   38         SH:  0    Dex: 15    Spells: 4/6 levels left

rFire   . . .        a - +1 dagger
rCold   . . .        (no shield)
rNeg    . . .        b - +1 robe
rPois   .            (no helmet)
rElec   .            (no cloak)
rCorr   .            (no gloves)
SInv    .            (no boots)
Will    .....        (no amulet)
Stlth   +++          I - +6 ring of intelligence
HPRegen 0.24/turn    (no ring)
MPRegen 0.10/turn

%: no passive effects
@: brilliant, attractive
A: sharp scales 1, thin skeletal structure 1, MP-powered wands, devolution 1
a: no special abilities


You were on level 1 of the Dungeon.
You visited 1 branch of the dungeon, and saw 2 of its levels.

You collected 38 gold pieces.


Innate Abilities, Weirdness & Mutations

You are partially covered in razor-sharp scales. (AC +1, Slay +1)
You have a somewhat thin skeletal structure. (Dex +2, Stealth+)
You expend magic power (3 MP) to strengthen your wands.
You have hidden genetic defects.


   Skills:
 + Level 1.0 Fighting
 * Level 2.0 Short Blades
 + Level 2.1 Dodging
 + Level 3.0 Stealth
 + Level 2.2 Spellcasting
 + Level 3.2 Hexes
 + Level 0.4 Ice Magic


You had 4 spell levels left.
You knew the following spells:

 Your Spells              Type           Power      Damage    Failure   Level
a - Ensorcelled Hibernat  Hex/Ice        30%        N/A       10%         2

Your spell library contained the following spells:

 Spells                   Type           Power      Damage    Failure   Level
 Confusing Touch          Hex            25%        N/A       11%         3
 Tukima's Dance           Hex            25%        N/A       11%         3
 Dazzling Flash           Conj/Hex       28%        N/A       21%         3

Inventory:

Hand Weapons
 a - a +1 dagger (weapon)
Missiles
 e - 25 stones
Armour
 b - a +1 robe (worn)
Jewellery
 I - a +6 ring of intelligence (left hand)
   (You found it on level 1 of the Dungeon)
Scrolls
 d - a scroll of enchant armour
Potions
 c - 2 potions of invisibility
 g - a potion of mutation {!q}
 i - a potion of brilliance

Dungeon Overview and Level Annotations

Branches:
Dungeon (2/15) Zot: 10898

Altars:

Annotations:
D:2 Natasha

.#...## #.# #.# ......# #.# #.#
##....# #.# #.# ##.#.# #.# #.#
#.#.# ##.#####.# ###.#.#
#§§......# ......## ###§§#######
###....## #§{§.§#
#.....#######§@§§§#
#...........§§§§§.######
#............§§§§......#
#..............§..####.#
###..#.##.###...#.### #.#
.....#.##.##.#.#..# ##.##
###.##.##.........# ###...#######
#.##.##..#.#.#..###.....÷......
###....##..##...#.....#...#####..


There were no monsters in sight!


Message History

The orc wizard resists with some effort.
The orc wizard casts a spell at you. The puff of flame misses you.
The giant cockroach barely misses you. 😕 MP[-2]
You lost 2 mp, and now have 0/6 mp.
You hit the giant cockroach but do no damage.
The giant cockroach bites you but does no damage.
The orc wizard barely misses you.
You hit the giant cockroach but do no damage.
The orc wizard gestures wildly while chanting.
The orc wizard flickers and vanishes!
Deactivating autopickup; reactivate with Ctrl-A.
The giant cockroach bites you. 😕 HP[-1]
You take 1 damage, and now have 22/26 hp.
You hit the giant cockroach.
The giant cockroach bites you but does no damage.
Something hits you. 😕 HP[-2]
You take 2 damage, and now have 20/26 hp.
You hit the giant cockroach.
You kill the giant cockroach!
Something hits you. x2
* * * LOW HITPOINT WARNING * * *
Your Short Blades skill increases to level 2!
Unknown command. 😨 HP[-8]
You take 8 damage, and now have 12/26 hp.
MASSIVE DAMAGE!! (PAUSE)
You aren't carrying any items that you can evoke.
Unknown command.
As you read the scroll labelled JAGAUM CAACW, it dissolves into smoke.
It was a scroll of fog.
Something hits you.
* * * LOW HITPOINT WARNING * * *
😨 HP[-4]
You take 4 damage, and now have 8/26 hp.
As you read the scroll labelled KIUZ TU IDELA, it crumbles to dust.
It is a scroll of amnesia.
Okay, then.
Something hits you.
* * * LOW HITPOINT WARNING * * *
Something hits you but does no damage. 😨 HP[-1]
You take 1 damage, and now have 7/26 hp.
It was a potion of brilliance.
You feel clever all of a sudden. Something hits you.
* * * LOW HITPOINT WARNING * * *
😱 HP[-1]
You take 1 damage, and now have 6/26 hp.
It was a potion of attraction.
You feel attractive to monsters. Something hits you but does no damage.
You hear some strange, mumbled words.
You are confused.
Something hits you.
* * * LOW HITPOINT WARNING * * *
😱 HP[-2] MP[+1]
You take 2 damage, and now have 4/26 hp.
Unknown command.
You hear some strange, mumbled words.
A puff of flame appears from out of thin air!
The puff of flame misses you.
It was a potion of curing.
You feel better. Something hits you.
* * * LOW HITPOINT WARNING * * *
😨 HP[+7]
You regained 7 hp, and now have 11/26 hp.
You hit something.
You hear some strange, mumbled words.
Something tries to affect you, but you resist.
You hit something. Something hits you.
* * * LOW HITPOINT WARNING * * *
😨 HP[-4]
You take 4 damage, and now have 7/26 hp.
You barely miss something. Something hits you.
* * * LOW HITPOINT WARNING * * *
😱 HP[-3]
You take 3 damage, and now have 4/26 hp.
Unknown command.
It was a potion of mutation.
You feel extremely strange.
You feel a hidden malignance growing inside you.
Your bones become slightly less dense.
You feel your magical essence link to the dungeon's wands.
Something hits you.
* * * LOW HITPOINT WARNING * * *
Something hits you but does no damage. 😱 HP[-1]
You take 1 damage, and now have 3/26 hp.
You miss something. Something hits you.
* * * LOW HITPOINT WARNING * * *
😱 HP[-2]
You take 2 damage, and now have 1/26 hp.
Unknown command.
You aren't carrying any items that you can evoke.
Unknown command.
You feel better. Something hits you but does no damage.
You hear some strange, mumbled words.
A magic dart appears from out of thin air!
The magic dart hits you!
You die...

Skill      XL: |  1  2  3 |
---------------+----------+-----
Short Blades   | 1 2 |  2.0
Dodging        | 2 |  2.1
Stealth        | 3 |  3.0
Fighting       | 1 |  1.0
Spellcasting   | |  2.2
Hexes          | |  3.2
Ice Magic      | |  0.4

Action                     || total
---------------------------++-------
  Melee: Dagger            ||    96
   Cast: Ensorcelled Hiber ||     7
    Use: Scroll            ||     4
         Potion            ||     5
   Stab: Sleeping          ||     8
 Armour: Robe              ||    77
  Dodge: Dodged            ||    69

Levels and vault maps discovered:
D:1:      heliophobic_arrival_henge, layout_loops_ring
D:2:      layout_loops_ring, chequers_decorated_corner, glass_columns_c,
          patterned_corridor, uniq_natasha

Notes
Turn   | Place    | Note
-------+----------+-------------------------------------------
     0 | D:1      | kae the Demonspawn Enchanter began the quest for the Orb.
     0 | D:1      | Reached XP level 1. HP: 13/13 MP: 3/3
     0 | D:1      | magus.rc [v1.11.3]
    74 | D:1      | Reached skill level 1 in Short Blades
   213 | D:1      | Gained mutation: You are partially covered in razor-sharp
                  | scales. (AC +1, Slay +1) [demonic ancestry]
   213 | D:1      | Reached XP level 2. HP: 6/19 MP: 5/5
   291 | D:1      | Learned a level 2 spell: Ensorcelled Hibernation
   350 | D:1      | Reached skill level 2 in Dodging
   898 | D:2      | Noticed Natasha
   913 | D:2      | Killed Natasha
   914 | D:2      | Reached skill level 3 in Stealth
   914 | D:2      | Reached XP level 3. HP: 25/25 MP: 6/6
   996 | D:2      | Reached skill level 1 in Fighting
  1014 | D:2      | Noticed Natasha
  1095 | D:1      | Reached skill level 2 in Short Blades
  1097 | D:1      | HP: 6/26 [something (2)]
  1104 | D:1      | HP: 4/26 [something (3)]
  1105 | D:1      | Gained mutation: You have hidden genetic defects. [potion
                  | of mutation]
  1105 | D:1      | Gained mutation: You have a somewhat thin skeletal
                  | structure. (Dex +2, Stealth+) [potion of mutation]
  1105 | D:1      | Gained mutation: You expend magic power (3 MP) to
                  | strengthen your wands. [potion of mutation]
  1106 | D:1      | HP: 1/26 [something (3)]
  1107 | D:1      | Killed from afar by an orc wizard

Vanquished Creatures
  Natasha (D:2)
  A dart slug (D:1)
  2 orcs
  2 endoplasms (D:1)
  2 giant cockroaches (D:1)
  4 goblins
  3 hobgoblins (D:1)
  2 jackals (D:1)
  2 quokkas (D:1)
  2 ball pythons
  3 bats (D:1)
  A frilled lizard (D:1)
  A kobold (D:1)
  2 rats
28 creatures vanquished.

Table legend:
 A = Non-vault XP
 B = Vault XP
 C = Vault XP percentage of total XP
 D = Non-vault monster count
 E = Vault monster count
 F = Vault count percentage of total count
                 A         B        C        D         E       F
            +---------+---------+-------+---------+---------+-------
      Total |      51 |      35 |  40.7 |      27 |       1 |   3.6
            +---------+---------+-------+---------+---------+-------
        D:1 |      42 |       0 |   0.0 |      22 |       0 |   0.0
        D:2 |       9 |      35 |  79.5 |       5 |       1 |  16.7
            +---------+---------+-------+---------+---------+-------

Skill      XL: |  1  2  3 |
---------------+----------+-----
Short Blades   | 1 2 |  2.0
Dodging        | 2 |  2.1
Stealth        | 3 |  3.0
Fighting       | 1 |  1.0
Spellcasting   | |  2.2
Hexes          | |  3.2
Ice Magic      | |  0.4

Action                     || total
---------------------------++-------
  Melee: Dagger            ||    96
   Cast: Ensorcelled Hiber ||     7
    Use: Scroll            ||     4
         Potion            ||     5
   Stab: Sleeping          ||     8
 Armour: Robe              ||    77
  Dodge: Dodged            ||    69

Illustrated notes

Table legend:
 A = Kills in this place as a percentage of kills in the entire game.
 B = Kills by you in this place as a percentage of kills by you in the entire game.
 C = Kills by friends in this place as a percentage of kills by friends in the entire game.
 D = Other kills in this place as a percentage of other kills in the entire game.
 E = Experience gained in this place as a percentage of experience gained in the entire game.
 F = Experience gained in this place divided by the number of levels of this place that you have seen.
                   A       B       C       D       E      F
               +-------+-------+-------+-------+-------+----------------------
         Total | 100.0 | 100.0 |   N/A |   N/A | 100.0 |  43.0
       Dungeon | 100.0 | 100.0 |   N/A |   N/A | 100.0 |  43.0
               +-------+-------+-------+-------+-------+----------------------

Table legend: (Time is in decaauts)
 A = Elapsed time spent in this place.
 B = Non-inter-level travel time spent in this place.
 C = Inter-level travel time spent in this place.
 D = Time resting spent in this place.
 E = Time spent auto-exploring this place.
 F = Levels seen in this place.
 G = Mean time per level.
                   A        B        C        D        E       F      G
               +--------+--------+--------+--------+--------+-----+--------+
         Total |   1100 |   1067 |     33 |    159 |    643 |   2 |  550.0 |
       Dungeon |   1100 |   1067 |     33 |    159 |    643 |   2 |  550.0 |
               +--------+--------+--------+--------+--------+-----+--------+

Top non-repeatable levels by time:
     D:1: 881 daAuts
     D:2: 219 daAuts
